Map: Oxide LE

Players

TeebuL - Winner!

  • Race: Protoss Protoss

Seither

  • Race: Terran Terran

Event: DreamHack SC2 Masters 2021 Fall

VOD

Have the link to the VOD?

Description

Time

  • Played on: July 29, 2021, 4:28 a.m.
  • Length: 8:58

All games in this series

Show
View Real Time Build Order
Export as new Build Order

TeebuL Protoss - Winner!

Build Orders: Blink Stalkers 

Get SALT Encoding   

  12  0:00  Probe  
  13  0:12  Probe  
  14  0:18  Pylon  
  14  0:24  Probe (Chrono Boost)  
  15  0:36  Probe (Chrono Boost)  
  15  0:37  Gateway  
  16  0:44  Probe (Chrono Boost)  
  16  0:45  Assimilator  
  17  0:51  Probe  
  17  0:53  Assimilator  
  18  1:03  Probe  
  19  1:15  Probe  
  20  1:26  Cybernetics Core  
  20  1:27  Probe  
  20  1:30  Pylon  
  23  1:48  Probe  
  24  2:00  Stalker (Chrono Boost), Probe  
  25  2:03  Warp Gate  
  25  2:12  Probe  
  25  2:15  Twilight Council  
  26  2:22  Stalker  
  26  2:25  Probe  
  29  2:37  Probe  
  29  2:43  Pylon  
  30  2:46  Blink (Chrono Boost)  
  30  2:47  Nexus  
  31  2:58  Probe  
  31  3:05  Stalker  
  33  3:10  Probe  
  34  3:17  Gateway  
  34  3:25  Probe  
  35  3:30  Robotics Facility  
  35  3:37  Probe  
  36  3:49  Probe  
  36  3:53  Stalker  
  39  3:59  Probe  
  39  4:01  Probe  
  39  4:02  Pylon  
  41  4:11  Probe  
  41  4:12  Stalker  
  41  4:13  Probe  
  45  4:17  Shield Battery  
  45  4:18  Observer (Chrono Boost)  
  45  4:22  Stalker  
  45  4:23  Probe  
  49  4:25  Probe  
  50  4:34  Observer  
  50  4:35  Probe  
  50  4:38  Probe  
  53  4:39  Pylon, Stalker  
  55  4:47  Probe  
  55  4:48  Nexus  
  55  4:51  Charge  
  56  4:55  Probe  
  56  4:59  Probe  
  58  5:07  Probe  
  58  5:11  Probe  
  58  5:13  Pylon  
  60  5:14  Sentry x2  
  60  5:17  Pylon  
  60  5:20  Probe (Chrono Boost)  
  65  5:24  Probe (Chrono Boost)  
  66  5:32  Probe (Chrono Boost)  
  68  5:35  Probe (Chrono Boost)  
  68  5:39  Probe (Chrono Boost)  
  68  5:41  Probe (Chrono Boost)  
  70  5:46  Forge, Probe  
  70  5:48  Forge  
  71  5:50  Probe  
  72  5:58  Probe  
  72  5:59  Gateway  
  72  6:00  Gateway x2  
  72  6:01  Robotics Facility  
  72  6:02  Gateway, Probe  
  72  6:04  Pylon  
  74  6:06  Probe  
  74  6:10  Probe  
  76  6:14  Probe  
  76  6:17  Zealot x2  
  81  6:19  Probe  
  81  6:21  Protoss Ground Armor Level 1 (Chrono Boost)  
  81  6:22  Probe  
  83  6:26  Probe  
  83  6:31  Protoss Ground Weapons Level 1 (Chrono Boost)  
  84  6:33  Gateway  
  84  6:34  Probe  
  84  6:36  Gateway x2  
  84  6:38  Probe  
  86  6:41  Zealot x2  
  86  6:45  Warp Prism (Chrono Boost)  
  89  6:50  Pylon  
  89  6:52  Pylon  
  95  6:56  Pylon  
  95  6:58  Zealot x3, Immortal (Chrono Boost)  
  101  7:01  Zealot  
  103  7:22  Zealot x6  
  115  7:26  Immortal  
  115  7:28  Zealot  
  121  7:34  Zealot  
  121  7:35  Zealot  
  125  7:39  Nexus  
  125  7:42  Pylon  
  125  7:43  Pylon  
  125  7:58  Zealot x4  
  125  8:04  Zealot x5  
  143  8:09  Immortal  
Show
View Real Time Build Order
Export as new Build Order

Seither Terran 

Build Orders:  

Get SALT Encoding   

  12  0:00  SCV  
  13  0:12  SCV  
  14  0:17  Supply Depot  
  14  0:24  SCV  
  15  0:38  SCV  
  15  0:40  Barracks  
  16  0:44  Refinery  
  16  0:50  SCV  
  17  1:03  SCV  
  18  1:15  SCV  
  19  1:27  Barracks Reactor  
  19  1:28  Orbital Command  
  19  1:30  Supply Depot  
  19  1:47  Bunker  
  19  1:57  SCV  
  20  2:03  Refinery, Marine  
  20  2:04  Marine  
  20  2:05  Factory  
  22  2:16  SCV  
  22  2:21  Marine x2  
  25  2:28  SCV  
  26  2:42  SCV  
  26  2:43  Command Center  
  27  2:52  Starport, Factory Tech Lab  
  27  2:54  SCV  
  28  2:59  Marine  
  28  3:00  Marine  
  30  3:07  SCV  
  31  3:22  Marine  
  31  3:26  Supply Depot, Factory Tech Lab  
  31  3:45  Marine  
  31  3:47  Marine, Raven  
  31  3:48  SCV  
  35  3:51  Siege Tank  
  38  3:56  Orbital Command  
  38  4:00  SCV  
  39  4:02  Supply Depot  
  39  4:03  Marine  
  40  4:12  SCV  
  41  4:21  Orbital Command  
  41  4:23  Command Center  
  41  4:29  Siege Tank  
  44  4:32  Marine  
  44  4:37  SCV  
  46  4:47  SCV  
  46  4:49  SCV  
  46  4:51  Marine x2  
  50  4:54  Barracks  
  50  4:58  Bunker  
  50  5:05  SCV  
  50  5:06  SCV  
  49  5:09  Bunker  
  49  5:10  Siege Tank  
  52  5:15  Marine  
  52  5:16  Marine  
  52  5:18  SCV x2  
  56  5:25  Barracks  
  55  5:30  SCV x2  
  55  5:36  Marine  
  55  5:42  SCV x2  
  56  5:45  Orbital Command  
  56  5:46  Marauder  
  56  5:47  Stimpack  
  56  5:48  Starport Tech Lab  
  58  5:54  SCV x2  
  60  5:58  Marine x2, Siege Tank  
  65  6:05  Supply Depot  
  65  6:06  SCV x2  
  65  6:10  SCV  
  68  6:16  Marauder  
  68  6:17  Marine x2  
  73  6:18  SCV  
  73  6:19  Starport Reactor  
  72  6:33  Siege Tank  
  72  6:34  Marine x2  
  72  6:38  Marauder  
  72  6:39  Refinery, SCV x3, Engineering Bay  
  82  6:40  Refinery  
  82  6:41  Engineering Bay  
  82  6:49  Supply Depot, Marauder  
  84  6:54  Marine  
  84  7:01  Supply Depot  
  85  7:06  Barracks x2  
  85  7:08  SCV  
  85  7:10  Marine, Medivac x2  
  85  7:11  SCV x2  
  91  7:16  Orbital Command  
  91  7:19  Marauder  
  95  7:22  Marauder  
  95  7:26  SCV  
  95  7:27  SCV  
  97  7:33  Supply Depot, Combat Shield  
  97  7:34  Supply Depot  
  97  7:39  Marine x2  
  99  7:44  SCV x2  
  99  7:45  SCV  
  104  7:51  Marauder x2  
  104  7:52  Missile Turret  
  106  8:02  Barracks Reactor, Factory Reactor  
  98  8:14  Marine, Marauder x2  
  98  8:16  SCV x3  
  82  8:30  Marine  
  82  8:32  Marine  
  67  8:35  Marauder  

Tags
 
Add a new tag
Caveats
  • Supply blocks, unpowered buildings, or Contaminate may cause inaccurate times.
  • Supply counts are checked every 10 seconds.